 Dungeon Crawl Stone Soup version 0.32-a0-17-gb74e046682 (webtiles) character file.

Game seed: 16370185216008626583

997 Lobster4 the Grave Robber (level 7, -3/50 HPs)
             Began as a Mummy Necromancer on Jan 16, 2024.
             Slain by a gnoll bouda
             ... wielding a +0 club
              (7 damage)
             ... on level 6 of the Dungeon.
             The game lasted 00:17:24 (5567 turns).

Lobster4 the Grave Robber (Mummy Necromancer)       Turns: 5567, Time: 00:17:25

Health: -3/50      AC:  5    Str: 11    XL:     7   Next: 99%
Magic:  5/16       EV: 12    Int: 17    God:
Gold:   243        SH:  0    Dex: 12    Spells: 10/18 levels left

rFire   x . .        b - +1 sling
rCold   + . .        (no shield)
rNeg    + + +        s - +0 robe
rPois   ∞            (no helmet)
rElec   .            (no cloak)
rCorr   .            n - +2 pair of gloves
SInv    +            (no boots)
Will    .....        (no amulet)
Stlth   ++           k - ring of see invisible
HPRegen 0.28/turn    q - ring of wizardry
MPRegen 0.15/turn

%: faith, wizardry (x1)
@: animating dead
A: cold resistance 1, negative energy resistance 3, torment resistance 2, heat
vulnerability 1, in touch with death 1, no potions, faith
a: no special abilities


You were on level 6 of the Dungeon.
You visited 1 branch of the dungeon, and saw 6 of its levels.

You collected 243 gold pieces.

Inventory:

Hand Weapons
 a - a +0 short sword
 b - a +1 sling (weapon)
 f - a +0 dagger
 g - a +0 hand axe
Missiles
 c - 38 stones
Armour
 h - the +2 robe "Uluasad" {Rampage Int-5 SInv}
   (You found it on level 4 of the Dungeon)

   Int-5:     It affects your intelligence (-5).
   SInv:      It lets you see invisible.
   Rampage:   It bestows one free step when moving towards enemies.
 j - a +1 leather armour
 n - a +2 pair of gloves (worn)
 s - a +0 robe (worn)
Jewellery
 k - a ring of see invisible (left hand)
 q - a ring of wizardry (right hand)
Wands
 l - a wand of mindburst (12)
 m - a wand of flame (15)
Scrolls
 i - 2 scrolls of amnesia


   Skills:
 - Level 2.0 Fighting
 + Level 0.8 Ranged Weapons
 - Level 2.0 Armour
 - Level 2.0 Dodging
 - Level 2.0 Stealth
 + Level 6.1 Spellcasting
 * Level 7.4 Necromancy
 + Level 1.7 Evocations


You had 10 spell levels left.
You knew the following spells:

 Your Spells              Type           Power      Damage    Failure   Level
a - Necrotise             Necr           100%       1d9       1%          1
b - Vampiric Draining     Necr           45%        2d9       1%          3
c - Animate Dead          Necr           45%        N/A       2%          4

Your spell library contained the following spells:

 Spells                   Type           Power      Damage    Failure   Level
 Freeze                   Ice            20%        1d4       5%          1
 Curse of Agony           Necr           45%        N/A       7%          5
 Lesser Beckoning         Tloc           10%        N/A       8%          2
 Frozen Ramparts          Ice            10%        1d2       16%         3
 Gell's Gravitas          Tloc           5%         N/A       16%         3
 Hailstorm                Conj/Ice       5%         3d5       16%         3
 Teleport Other           Tloc           5%         N/A       16%         3


Dungeon Overview and Level Annotations

Branches:
Dungeon (6/15)
 Temple: D:4-7

Altars:

Shops:
D:1 =

Annotations:
D:4 Grinder


Innate Abilities, Weirdness & Mutations

You are immune to poison.
Your flesh is cold resistant. (rC+)
You are immune to negative energy. (rN+++)
You are immune to unholy pain and torment.
You are vulnerable to heat. (rF-)
You are in touch with the powers of death.
You do not drink.
You have a special connection with the divine. (Faith)


Message History

* * * LOW HITPOINT WARNING * * *
Your gnoll zombie hits the gnoll bouda.
Your gnoll zombie hits the gnoll bouda but does no damage.
You shoot a sling bullet.
The sling bullet hits the gnoll bouda but does no damage.
The gnoll bouda is severely wounded.
The gnoll bouda gazes fiercely through you!
You feel your attacks grow feeble.
The gnoll bouda hits you with a +0 club.
* * * LOW HITPOINT WARNING * * *
Your gnoll zombie hits the gnoll bouda but does no damage. x2
The gnoll bouda prays to its god.
The gnoll bouda is healed somewhat.
Casting: Necrotise (safe; 1% risk of failure)
Confirm with . or Enter, or press ? or * to list all spells.
Aiming: Necrotise (safe; 1% risk of failure)
Press: ? - help, Shift-Dir - straight line, f/p - gnoll bouda
Aim: a gnoll bouda, wielding a +0 club and wearing a +0 leather armour (heavily wounded, not watching you, ally target, chance to affect: 83%)
You feel a surge of power!
The gnoll bouda writhes in agony.
Your gnoll zombie closely misses the gnoll bouda.
Your gnoll zombie barely misses the gnoll bouda.
The gnoll bouda completely misses you.
Casting: Necrotise (safe; 1% risk of failure)
Confirm with . or Enter, or press ? or * to list all spells.
Aiming: Necrotise (safe; 1% risk of failure)
Press: ? - help, Shift-Dir - straight line, f/p - gnoll bouda
Aim: a gnoll bouda, wielding a +0 club and wearing a +0 leather armour (heavily wounded, ally target, chance to affect: 83%)
You feel a surge of power!
The gnoll bouda writhes in agony.
Your gnoll zombie barely misses the gnoll bouda. x2
The gnoll bouda hits you with a +0 club.
* * * LOW HITPOINT WARNING * * *
Casting: Necrotise (safe; 1% risk of failure)
Confirm with . or Enter, or press ? or * to list all spells.
Aiming: Necrotise (safe; 1% risk of failure)
Press: ? - help, Shift-Dir - straight line, f/p - gnoll bouda
Aim: a gnoll bouda, wielding a +0 club and wearing a +0 leather armour (heavily wounded, ally target, chance to affect: 83%)
You feel a surge of power!
The gnoll bouda writhes in agony.
Your attacks no longer feel as feeble.
The gnoll bouda hits you with a +0 club!
You die...

###........ .......!#....
........#...#
........#...#
........#...#
........#...#
........#...### #########
.....<..#.....###........
................@gZ.)....
..............###Z)......
.......######## #.)......
.####### ......... .
##....#### ..#..# ..#..#
###..# ..#


You could see a gnoll bouda (ally target) and 2 friendly gnoll zombies.

Vanquished Creatures
  Sigmund (D:5)
  Edmund (D:4)
  An ice beast (D:5)
  2 phantoms (D:5)
  2 hounds
  A jelly (D:4)
  Jessica (D:3)
  3 sleepcaps
  Ijyb (D:4)
  2 iguanas (D:5)
  7 gnolls
  8 adders
  A dart slug (D:2)
  A ribbon worm (D:3)
  2 orcs
  6 ball pythons
  2 bats
  8 endoplasms
  A giant cockroach (D:1)
  3 hobgoblins
  3 jackals (D:5)
  3 quokkas
  A frilled lizard (D:2)
  A goblin (D:1)
  8 kobolds
  3 rats
73 creatures vanquished.

Vanquished Creatures (collateral kills)
  A gnoll (D:6)
  An adder (D:5)
  A ribbon worm (D:2)
  A giant cockroach (D:4)
  3 hobgoblins
  A bat (D:1)
8 creatures vanquished.

Vanquished Creatures (others)
  A gnoll zombie (D:6)
1 creature vanquished.

Grand Total: 82 creatures vanquished

Notes
Turn   | Place    | Note
-------+----------+-------------------------------------------
     0 | D:1      | Lobster4 the Mummy Necromancer began the quest for the Orb.
     0 | D:1      | Reached XP level 1. HP: 13/13 MP: 4/4
   138 | D:1      | Reached XP level 2. HP: 16/19 MP: 1/5
   254 | D:1      | Found Ynkithoy's Jewellery Shop.
   722 | D:1      | Reached XP level 3. HP: 25/25 MP: 4/7
   977 | D:1      | Learned a level 3 spell: Vampiric Draining
  1263 | D:2      | Reached skill level 1 in Fighting
  1263 | D:2      | Reached skill level 1 in Armour
  1630 | D:2      | Reached XP level 4. HP: 32/32 MP: 4/8
  2445 | D:3      | Learned a level 4 spell: Animate Dead
  2633 | D:3      | Noticed Jessica
  3125 | D:4      | Noticed Edmund
  3170 | D:4      | Reached XP level 5. HP: 37/38 MP: 5/10
  3654 | D:4      | Reached skill level 5 in Necromancy
  3855 | D:4      | Noticed Ijyb
  3855 | D:4      | Noticed Grinder
  4009 | D:3      | Killed Jessica
  4114 | D:5      | Entered Level 5 of the Dungeon
  4114 | D:5      | Noticed an ice beast
  4173 | D:4      | Killed Edmund
  4174 | D:4      | Reached XP level 6. HP: 44/44 MP: 2/12
  4179 | D:4      | Identified the +2 robe "Uluasad" {Rampage Int-5 SInv}
  4256 | D:5      | Noticed Sigmund
  4263 | D:5      | Killed Sigmund
  4264 | D:5      | Reached skill level 5 in Spellcasting
  4264 | D:5      | Reached skill level 6 in Necromancy
  4264 | D:5      | Reached XP level 7. HP: 48/50 MP: 8/14
  4592 | D:4      | Killed Ijyb
  4709 | D:5      | Reached skill level 1 in Evocations
  4733 | D:5      | Reached skill level 7 in Necromancy
  5567 | D:6      | Slain by a gnoll bouda

Illustrated notes

Levels and vault maps discovered:
D:1:      dpeg_arrival_simpleton_b, layout_loops_corners, serial_shops, shop,
          dreamdust_wishing_well
D:2:      layout_basic
D:3:      layout_rooms, uniq_jessica
D:4:      kennysheep_big_flooded_room, layout_basic, uniq_ijyb, uniq_grinder,
          uniq_edmund
D:5:      layout_cave_pools, uniq_sigmund
D:6:      minmay_polygon_palace, layout_basic, mainiacjoe_overflow_big_doors,
          tgw_kikubaaqudgha

Skill      XL: |  1  2  3  4  5  6  7 |
---------------+----------------------+-----
Stealth        | 2 |  2.0
Dodging        | 2 |  2.0
Spellcasting   | 3 4 5 6 |  6.1
Fighting       | 1 2 |  2.0
Armour         | 1 2 |  2.0
Necromancy     | 5 6 7 |  7.4
Evocations     | 1 |  1.7
Ranged Weapons | |  0.8

Action                     |  1- 3 |  4- 6 |  7- 9 || total
---------------------------+-------+-------+-------++-------
  Melee: Club              |     8 |       |       ||     8
         Whip              |     4 |       |       ||     4
         Short sword       |    27 |    15 |    24 ||    66
         Punch             |     1 |       |       ||     1
   Fire: Sling             |       |       |    54 ||    54
   Cast: Necrotise         |    46 |    76 |    37 ||   159
         Animate Dead      |       |       |     2 ||     2
         Vampiric Draining |       |       |     2 ||     2
  Evoke: Wand              |       |       |    12 ||    12
    Use: Scroll            |       |    10 |     1 ||    11
   Stab: Distracted        |     1 |     1 |       ||     2
 Armour: Robe              |    28 |    18 |    75 ||   121
  Dodge: Dodged            |    27 |    12 |    64 ||   103

Table legend: (Time is in decaauts)
 A = Elapsed time spent in this place.
 B = Non-inter-level travel time spent in this place.
 C = Inter-level travel time spent in this place.
 D = Time resting spent in this place.
 E = Time spent auto-exploring this place.
 F = Levels seen in this place.
 G = Mean time per level.
                   A        B        C        D        E       F      G
               +--------+--------+--------+--------+--------+-----+--------+
         Total |   5591 |   5344 |    247 |    785 |   3490 |   6 |  931.8 |
       Dungeon |   5591 |   5344 |    247 |    785 |   3490 |   6 |  931.8 |
               +--------+--------+--------+--------+--------+-----+--------+

Top non-repeatable levels by time:
     D:4: 1463 daAuts
     D:1: 1214 daAuts
     D:2: 1197 daAuts
     D:3: 861 daAuts
     D:5: 786 daAuts
     D:6: 68 daAuts
